cohdb
Replays
Latest Replays
All Replays
Popular Replays
Top Player Replays
Match Explorer
How It Works
Community
CoH3 Stats
Reddit
Sign in to upload your games and track your stats! →
Sign in with Steam
Match 39854048
Unlisted
Match 39854048
Overview
Messages
Build Orders
End
Scout Squad
Selects Special Operations Battlegroup
Selects M29 Weasel Recon Vehicle
M29 Weasel Recon Vehicle
Construct Barracks
Riflemen Squad
Riflemen Squad
Infantry Support Center
Construct Motor Pool
Riflemen Squad
M8 Greyhound Armored Car
Grenade Package
Construct Medical Station
Engineer Squad
Selects P-47 Anti-Infantry Loiter
M1 Anti-tank Gun Team
P-47 Anti-Infantry Loiter
Engineer Squad
Construct Tank Depot
Selects UNKNOWN (2162291)
P-47 Anti-Infantry Loiter
M4A1 Sherman Whizbang
Selects Raiding Flares
Selects SSF Commando Squad
M4A1 Sherman Medium Tank
M1 Anti-tank Gun Team
M1 Anti-tank Gun Team
Advanced Logistics
P-47 Anti-Infantry Loiter
Makros
PUT ME DOWN AND WATCH ME GO
0
0
Comments
sign in to comment!
No comments posted yet!